AoeStats
← LaTulipe27

Arabia

507728001Analyzed
2v2 RM · 11d ago on Sep 19, 2026· 69m 27s· 4 players
Game mode
Random Map
Map size
Medium (4 player)
Population
200
Speed
Normal
Resources
Standard
Victory
Conquest
Starting age
Dark Age
Ending age
Imperial Age
RankedLock teamsTeams togetherTeam positionsShared explorationLock speedFull tech treeHidden civsTurbo modeCheats
Victory
Defeat
🇻🇳 Vietnamese · Vietnam
568
+12
🇨🇱 Khmer · Chile
564
+12
🇫🇷 Teutons · France
475
-12
🇫🇷 Spanish · France
474
-12
LaTulipe27
10:12 Feudal Age
22:25 Castle Age
20:51 Double-Bit Axe
33:20 Scale Mail Armor
33:31 Forging
43:44 Bow Saw
43:17 Horse Collar
43:34 Gold Mining
47:41 Imperial Age
48:25 Chain Mail Armor
48:47 Iron Casting
49:02 Squires
52:56 Elite Teutonic Knight
53:03 Heavy Scorpion
56:49 Chemistry
frite-maison7
9:54 Feudal Age
14:46 Double-Bit Axe
23:50 Castle Age
49:43 Wheelbarrow
Bryaanrr
0:38 Loom
10:20 Feudal Age
11:07 Town Watch
12:13 Man-at-Arms
12:59 Double-Bit Axe
13:29 Horse Collar
18:33 Wheelbarrow
17:54 Man-at-Arms
19:17 Scale Mail Armor
22:07 Forging
23:26 Bloodlines
23:13 Arson
31:07 Castle Age
29:53 Gold Mining
29:53 Stone Mining
31:51 Husbandry
34:04 Hand Cart
34:24 Long Swordsman
34:25 Pikeman
36:28 Iron Casting
36:08 Chain Mail Armor
36:01 Scale Barding Armor
36:26 Town Patrol
39:31 Chain Barding Armor
39:13 Padded Archer Armor
39:04 Fletching
43:53 Imperial Age
41:33 Bodkin Arrow
42:50 Heavy Plow
44:52 Gold Shaft Mining
44:52 Stone Shaft Mining
44:47 Leather Archer Armor
45:30 Stone Shaft Mining
44:20 Capped Ram
44:37 Cavalier
46:45 Caravan
47:01 Bow Saw
48:16 Onager
50:27 Conscription
50:03 Siege Ram
54:15 Murder Holes
55:21 Chemistry
54:48 Double Crossbow
55:26 Hoardings
54:38 Halberdier
56:33 Blast Furnace
56:10 Plate Barding Armor
56:50 Elite Ballista Elephant
57:00 Heavy Scorpion
64:17 Bracer
64:50 Crop Rotation
DorsalMold8400
11:33 Feudal Age
12:50 Wheelbarrow
12:15 Double-Bit Axe
12:14 Horse Collar
17:09 Gold Mining
18:58 Man-at-Arms
23:59 Castle Age
25:08 Bow Saw
25:01 Heavy Plow
24:55 Stone Mining
25:25 Hand Cart
24:56 Loom
28:59 Town Watch
29:01 Elite Skirmisher
29:06 Long Swordsman
35:28 Fortified Wall
39:03 Imperial Age
45:35 Two-Man Saw
45:21 Stone Shaft Mining
47:22 Imperial Skirmisher
52:10 Chemistry
60:27 Elite Battle Elephant
64:00 Town Patrol
63:46 Elite Rattan Archer
Connection lost

Rejoining the realm…

Still unreachable

The connection could not be restored.

Session expired

The server has moved on; the page needs a fresh start.